 Dungeon Crawl Stone Soup version 0.28.0-45-g0d030f2227 (webtiles) character file.

Game seed: 9558795835459576160

2794 Kae the Carver (level 9, -7/111 HPs)
             Began as a Gnoll Berserker on Apr 20, 2022.
             Was a Priest of Trog.
             Mangled by a boulder beetle (11 damage)
             ... on level 7 of the Dungeon.
             The game lasted 00:21:58 (10583 turns).

Kae the Carver (Gnoll Berserker)                   Turns: 10583, Time: 00:21:59

Health: -7/111     AC:  8    Str: 20    XL:     9   Next: 71%
Magic:  0/14       EV: 11    Int:  8    God:    Trog [***...]
Gold:   375        SH:  5    Dex: 11    Spells: 17/17 levels left

rFire   + . .      SeeInvis .   n - +4 spear
rCold   + . .      Faith    .   p - +0 buckler
rNeg    . . .      Spirit   +   j - +1 scale mail
rPois   .          Reflect  .   (helmet restricted)
rElec   .          Harm     .   g - scarf {rC+ rF+}
rCorr   +          Rampage  .   (no gloves)
Will    ++...      Rage     1%  (no boots)
Stlth   ..........              a - amulet of guardian spirit
HPRegen 1.28/turn               h - ring of flight
MPRegen 0.14/turn               i - ring of resist corrosion

@: berserking, strong-willed, flying, regenerating, very quick
A: fangs 1, strong nose, distributed training, horns 1, berserk 1, low MP 1,
noise suppression
a: Renounce Religion, Berserk, Trog's Hand


You were on level 7 of the Dungeon.
You worshipped Trog.
Trog was most pleased with you.
You visited 2 branches of the dungeon, and saw 8 of its levels.

You collected 375 gold pieces.

Inventory:

Hand Weapons
 n - a +4 spear (weapon)
Missiles
 c - 20 poisoned darts
 d - 79 arrows
 f - 14 sling bullets
 o - a curare-tipped dart
Armour
 b - an orb of energy
 g - a scarf of resistance (worn)
 j - a +1 scale mail (worn)
 m - a +1 helmet
 p - a +0 buckler (worn)
Magical Staves
 e - a staff of death
Jewellery
 a - an amulet of guardian spirit (around neck)
 h - a ring of flight (left hand)
 i - a ring of resist corrosion (right hand)
 k - a ring of fire
 s - an amulet of magic regeneration
Scrolls
 l - 2 scrolls of teleportation
 q - 3 scrolls of immolation
 u - a scroll of identify
 x - a scroll of noise
Potions
 v - 2 potions of resistance
 z - 3 potions of lignification {unknown}


   Skills:
 + Level 8.0 Fighting
 + Level 4.5 Short Blades
 + Level 8.0 Long Blades
 + Level 4.5 Axes
 + Level 4.5 Maces & Flails
 + Level 4.5 Polearms
 + Level 4.5 Staves
 + Level 4.5 Slings
 + Level 4.5 Bows
 + Level 4.5 Crossbows
 + Level 4.5 Throwing
 + Level 6.5 Armour
 + Level 6.5 Dodging
 + Level 4.5 Stealth
 + Level 4.5 Shields
 + Level 4.5 Unarmed Combat
 + Level 4.5 Spellcasting
 + Level 3.7 Conjurations
 + Level 3.7 Hexes
 + Level 3.7 Summonings
 + Level 3.7 Necromancy
 + Level 3.7 Translocations
 + Level 3.7 Transmutations
 + Level 3.7 Fire Magic
 + Level 3.7 Ice Magic
 + Level 3.7 Air Magic
 + Level 3.7 Earth Magic
 + Level 3.7 Poison Magic
 + Level 5.0 Invocations
 + Level 4.5 Evocations


You had 17 spell levels left.
You didn't know any spells.
Your spell library contained the following spells:

 Spells                   Type           Power      Damage    Failure   Level
 Animate Skeleton         Necr           14%        N/A       21%         1
 Apportation              Tloc           14%        N/A       21%         1
 Summon Small Mammal      Summ           28%        N/A       21%         1
 Static Discharge         Conj/Air       7%         N/A       30%         2
 Dispel Undead            Necr           7%         3d8       89%         4
 Sticky Flame             Conj/Fire      7%         2d3       89%         4


Dungeon Overview and Level Annotations

Branches:
Dungeon (7/15)             Temple (1/1) D:6

Altars:
Ashenzari
Cheibriados
Fedhas
Gozag
Hepliaklqana
Kikubaaqudgha
Makhleb
Nemelex Xobeh
Okawaru
Qazlal
Sif Muna
Trog
Vehumet
Wu Jian
Yredelemnul
Zin


Innate Abilities, Weirdness & Mutations

You have very sharp teeth.
Your uncanny sense of smell can sniff out nearby items.
Your experience applies equally to all skills.
You have a pair of small horns on your head.
You tend to lose your temper in combat.
Your magical capacity is low. (-10% MP)
You passively dampen the noise of your surroundings.


Message History

The boulder beetle leaps!
The boulder beetle curls into a ball and begins rolling!
As you read the scroll of teleportation, it crumbles to dust.
You feel strangely unstable.
You recover from your berserk rage.
The boulder beetle hits you!!!
Ouch! That really hurt!
* * * LOW HITPOINT WARNING * * *
The boulder beetle stops rolling and uncurls.
You block the boulder beetle's attack.
An eight-headed hydra comes into view.
The eight-headed hydra roars!
The boulder beetle curls into a ball and begins rolling!
Your surroundings seem slightly different.
You are too injured to fight recklessly!
Activating: Trog's Hand (0% risk of failure)
Press: ? - help, Q - select action, (/) - cycle Dir - look around, f - activate Your skin crawls.
You feel strong-willed.
You are too injured to fight recklessly!
Activating: Berserk (1% risk of failure)
Press: ? - help, Q - select action, (/) - cycle Dir - look around, f - activate A red film seems to cover your vision as you go berserk!
You feel yourself moving faster!
You feel mighty! The boulder beetle hits you!
* * * LOW HITPOINT WARNING * * *
The boulder beetle stops rolling and uncurls.
You hit the boulder beetle. You headbutt the boulder beetle.
The boulder beetle is lightly wounded.
The boulder beetle bites you!!
* * * LOW HITPOINT WARNING * * *
You barely miss the boulder beetle.
You headbutt the boulder beetle, but do no damage.
The boulder beetle is lightly wounded.
You hit the boulder beetle but do no damage.
You headbutt the boulder beetle.
The boulder beetle is lightly wounded.
The boulder beetle bites you!
You die...

..###†.###'##÷...###.#
###..###..#####..#.#.#
#..###..###..####.##.#
∆
)###..####'....####..##
.#..####..#.D....####.#
..####.D..#......).##.#
####...##.#......)...##
##...#.##.#........###
...#......#....B@###
##...#.##.#....###
###...##B#..###
###....#### ∆∆ ###..#
∆∆∆ ###'....ue ∆
######B∆∆


You could see a boulder beetle and an eight-headed hydra.

Vanquished Creatures
  A manticore (D:7)
  An ugly thing (D:7)
  A vampire mosquito (D:7)
  A water moccasin (D:6)
  2 orc warriors (D:7)
  A sky beast (D:5)
  An ogre (D:5)
  A black bear (D:6)
  2 necrophages (D:7)
  A phantom (D:5)
  A kobold brigand (D:7)
  A bullfrog (D:7)
  5 scorpions
  An electric eel (D:6)
  2 bullfrog zombies
  A centaur skeleton (D:7)
  A hound (D:5)
  A gnoll shaman (D:6)
  A jelly (D:4)
  5 iguanas
  9 gnolls
  11 adders
  2 white imps (D:7)
  An ufetubus (D:6)
  2 worms (D:2)
  A dart slug (D:1)
  13 orcs
  5 endoplasms
  2 giant cockroaches
  2 goblins
  A hobgoblin (D:1)
  8 jackals
  14 kobolds
  5 quokkas
  4 ball pythons
  7 bats
  6 frilled lizards
  5 rats
129 creatures vanquished.

Vanquished Creatures (others)
  61 plants (D:4)
61 creatures vanquished.

Grand Total: 190 creatures vanquished

Notes
Turn   | Place    | Note
-------+----------+-------------------------------------------
     0 | D:1      | Kae the Gnoll Berserker began the quest for the Orb.
     0 | D:1      | Reached XP level 1. HP: 23/23 MP: 1/1
    83 | D:1      | Found a faded altar of an unknown god.
   186 | D:1      | Reached XP level 2. HP: 22/29 MP: 2/2
  1031 | D:2      | Reached XP level 3. HP: 34/35 MP: 3/3
  1041 | D:2      | HP: 1/35 [worm (9)]
  1492 | D:2      | Reached skill level 1 in Invocations
  1725 | D:2      | Reached skill level 1 in Short Blades
  1725 | D:2      | Reached skill level 1 in Axes
  1725 | D:2      | Reached skill level 1 in Maces & Flails
  1725 | D:2      | Reached skill level 1 in Polearms
  1725 | D:2      | Reached skill level 1 in Staves
  1725 | D:2      | Reached skill level 1 in Slings
  1725 | D:2      | Reached skill level 1 in Bows
  1725 | D:2      | Reached skill level 1 in Crossbows
  1725 | D:2      | Reached skill level 1 in Throwing
  1725 | D:2      | Reached skill level 1 in Stealth
  1725 | D:2      | Reached skill level 1 in Shields
  1725 | D:2      | Reached skill level 1 in Unarmed Combat
  1725 | D:2      | Reached skill level 1 in Spellcasting
  1725 | D:2      | Reached skill level 1 in Evocations
  2279 | D:2      | Found a shimmering blue altar of Sif Muna.
  2289 | D:2      | Reached ** piety under Trog
  2375 | D:2      | Reached XP level 4. HP: 41/41 MP: 5/5
  2855 | D:3      | Found a broken altar of Ashenzari.
  2924 | D:3      | Reached skill level 1 in Conjurations
  2924 | D:3      | Reached skill level 1 in Hexes
  2924 | D:3      | Reached skill level 1 in Summonings
  2924 | D:3      | Reached skill level 1 in Necromancy
  2924 | D:3      | Reached skill level 1 in Translocations
  2924 | D:3      | Reached skill level 1 in Transmutations
  2924 | D:3      | Reached skill level 1 in Fire Magic
  2924 | D:3      | Reached skill level 1 in Ice Magic
  2924 | D:3      | Reached skill level 1 in Air Magic
  2924 | D:3      | Reached skill level 1 in Earth Magic
  2924 | D:3      | Reached skill level 1 in Poison Magic
  3326 | D:3      | Found a burning altar of Makhleb.
  3328 | D:3      | Gained mutation: You possess an exceptional clarity of
                  | mind. [potion of mutation]
  3328 | D:3      | Gained mutation: You do not regenerate when monsters are
                  | visible. [potion of mutation]
  3640 | D:3      | Lost mutation: You possess an exceptional clarity of mind.
                  | [potion of mutation]
  3640 | D:3      | Lost mutation: You do not regenerate when monsters are
                  | visible. [potion of mutation]
  3640 | D:3      | Gained mutation: You tend to lose your temper in combat.
                  | [potion of mutation]
  3640 | D:3      | Gained mutation: You have a pair of small horns on your
                  | head. [potion of mutation]
  3640 | D:3      | Gained mutation: Your magical capacity is low. (-10% MP)
                  | [potion of mutation]
  3640 | D:3      | Gained mutation: You passively dampen the noise of your
                  | surroundings. [potion of mutation]
  3889 | D:4      | Reached XP level 5. HP: 19/47 MP: 6/6
  4250 | D:4      | Found a stormy altar of Qazlal.
  5274 | D:5      | Entered Level 5 of the Dungeon
  5282 | D:5      | Reached XP level 6. HP: 51/53 MP: 7/7
  5330 | D:5      | Reached skill level 5 in Armour
  5330 | D:5      | Reached skill level 5 in Dodging
  5501 | D:5      | Noticed a sky beast
  5515 | D:5      | Killed a sky beast
  6189 | D:5      | Reached XP level 7. HP: 44/59 MP: 9/9
  6428 | D:5      | Found an ornate altar of the Wu Jian Council.
  6763 | D:6      | HP: 3/60 [poisoned by an adder]
  7084 | D:6      | Reached XP level 8. HP: 56/67 MP: 9/11
  7329 | D:6      | Found a staircase to the Ecumenical Temple.
  7340 | Temple   | Entered the Ecumenical Temple
  9041 | D:7      | Reached *** piety under Trog
  9841 | D:7      | Reached XP level 9. HP: 60/73 MP: 13/13
 10020 | D:7      | Noticed a manticore
 10034 | D:7      | Killed a manticore
 10505 | D:7      | Noticed a boulder beetle
 10505 | D:7      | Noticed a green ugly thing
 10505 | D:7      | Noticed a deep elf pyromancer
 10526 | D:7      | Killed a green ugly thing
 10527 | D:7      | Reached skill level 5 in Invocations
 10554 | D:7      | Noticed a boulder beetle
 10577 | D:7      | Noticed an eight-headed hydra
 10581 | D:7      | HP: 2/111 [boulder beetle (17)]
 10583 | D:7      | Mangled by a boulder beetle

Illustrated notes

Levels and vault maps discovered:
D:1:      dpeg_arrival_prison, layout_loops_ring,
          chequers_ecumenical_altar_simple_redux,
          hangedman_abyss_or_decor_lesser_grid
D:2:      layout_basic, basic_altar, grunt_decor_cap, minmay_cut_off
D:3:      layout_loops_ring, mainiacjoe_overflow_six_doors_small,
          ashenzari_altar_1
D:4:      layout_loops_corners, amcnicky_altar_gilded, serial_bayou_lagoon_a,
          grunt_ministairs_1
D:5:      layout_rooms, nzn_wu_jian_council_hall
D:6:      layout_basic, minmay_temple_entry_trees, amcnicky_mini_pool_medium
D:7:      minmay_the_grid_triangle_9x9_rhombus_full
          [minmay_the_grid_triangle_9x9_zippers_vertical,
          minmay_the_grid_triangle_9x9_warning,
          minmay_the_grid_triangle_9x9_wacky_v,
          minmay_the_grid_triangle_9x9_skeleton,
          minmay_the_grid_triangle_9x9_longest,
          minmay_the_grid_triangle_9x9_descending_squares,
          minmay_the_grid_triangle_9x9_empty,
          minmay_the_grid_triangle_9x9_prize_center], layout_loops_ring,
          kennysheep_mini_moat, mainiacjoe_overflow_alcove_2,
          chequers_serial_rivers_small_3, minmay_fountain_box,
          nrook_mini_vaults, uniq_harold
Temple:   minmay_temple_curvy_loop

Skill      XL: |  1  2  3  4  5  6  7  8  9 |
---------------+----------------------------+-----
Invocations    | 1 2 3 4 5 |  5.0
Short Blades   | 1 2 3 4 |  4.5
Axes           | 1 2 3 4 |  4.5
Maces & Flails | 1 2 3 4 |  4.5
Polearms       | 1 2 3 4 |  4.5
Staves         | 1 2 3 4 |  4.5
Slings         | 1 2 3 4 |  4.5
Bows           | 1 2 3 4 |  4.5
Crossbows      | 1 2 3 4 |  4.5
Throwing       | 1 2 3 4 |  4.5
Stealth        | 1 2 3 4 |  4.5
Shields        | 1 2 3 4 |  4.5
Unarmed Combat | 1 2 3 4 |  4.5
Spellcasting   | 1 2 3 4 |  4.5
Evocations     | 1 2 3 4 |  4.5
Conjurations   | 1 2 3 |  3.7
Hexes          | 1 2 3 |  3.7
Summonings     | 1 2 3 |  3.7
Necromancy     | 1 2 3 |  3.7
Translocations | 1 2 3 |  3.7
Transmutations | 1 2 3 |  3.7
Fire Magic     | 1 2 3 |  3.7
Ice Magic      | 1 2 3 |  3.7
Air Magic      | 1 2 3 |  3.7
Earth Magic    | 1 2 3 |  3.7
Poison Magic   | 1 2 3 |  3.7
Armour         | 5 6 |  6.5
Dodging        | 5 6 |  6.5
Fighting       | 7 8 |  8.0
Long Blades    | 7 8 |  8.0

Action                   |  1- 3 |  4- 6 |  7- 9 || total
-------------------------+-------+-------+-------++-------
Melee: Falchion          |    28 |       |       ||    28
       Hand axe          |    70 |    66 |       ||   136
       Bite              |     9 |     9 |    36 ||    54
       Punch             |     2 |     2 |       ||     4
       Headbutt          |       |    10 |    49 ||    59
       Spear             |       |    58 |   269 ||   327
Invok: Berserk           |     2 |     2 |     8 ||    12
       Trog's Hand       |       |       |     1 ||     1
  Use: Scroll            |     1 |     6 |     6 ||    13
       Potion            |       |     5 |     5 ||    10
 Stab: Sleeping          |     2 |     2 |       ||     4
Armor: Animal skin       |    14 |    14 |       ||    28
       Scale mail        |       |    15 |    84 ||    99
Dodge: Dodged            |    85 |    78 |   143 ||   306
Block: Buckler           |       |       |    39 ||    39
